[Event "Polofinale MCR junioru 2023"]
[Site "Czech Republic"]
[Date "2023.11.14"]
[Round "4.7"]
[White "Mrazek, Adam"]
[Black "Vojta, Jakub"]
[Result "0-1"]
[TimeControl "90 min per 40 moves + 15 min + 30 sec / move from move 1"]
[WhiteFideId "23725010"]
[BlackFideId "382515"]
[WhiteElo "1643"]
[BlackElo "2267"]

1. c4 e5 2. g3 Nc6 3. Bg2 g6 4. Nc3 Bg7 5. Nf3 Nge7 6. O-O O-O 7. d3 d6 8. Rb1 a5 9. a3 f5 10.
Qc2 f4 11. b4 axb4 12. axb4 Bg4 13. e3 Qd7 14. Bd2 h6 15. Nd5 Nf5 16. b5 Nd8 17. c5 dxc5 18. Qxc5 Ne6 19. Qc4 Nd6 20.
Qb3 Kh7 21. Bb4 Bxf3 22. Bxf3 Ng5 23. Qd1 fxg3 24. fxg3 Ra2 25. Nc3 Nh3+ 26. Kh1 Nf2+ 27. Rxf2 Rxf2 28. Bg2 R8f7 29. Ba3 Nf5 30.
Qe1 Rc2 31. Be4 Rxc3 32. Qxc3 Nxg3+ 33. Kg2 Nxe4 34. dxe4 Qg4+ 0-1

[Event "Polofinale MCR junioru 2023"]
[Site "Czech Republic"]
[Date "2023.11.14"]
[Round "4.8"]
[White "Ocelak, Jakub"]
[Black "Tillman, Stanislav"]
[Result "1/2-1/2"]
[TimeControl "90 min per 40 moves + 15 min + 30 sec / move from move 1"]
[WhiteFideId "23707933"]
[BlackFideId "23714247"]
[WhiteElo "2238"]
[BlackElo "2021"]

1. d4 Nf6 2. c4 e6 3. Nf3 Bb4+ 4. Nbd2 c5 5. a3 Bxd2+ 6. Qxd2 cxd4 7. Nxd4 d5 8. e3 Nc6 9. cxd5 Qxd5 10.
Nb5 Qxd2+ 11. Bxd2 O-O 12. Be2 Rd8 13. Rd1 a6 14. Nc3 b5 15. Bf3 Bd7 16. Ne4 Nxe4 17. Bxe4 Rab8 18. Bc3 a5 19.
b4 axb4 20. axb4 f6 21. Rd6 Rbc8 22. Ke2 Ne7 23. Bd4 Nd5 24. Rb1 Kf8 25. Rb3 Rc6 26.
Bc5 Rxd6 27. Bxd6+ Kf7 28. Bxd5 exd5 29. Bc5 Ra8 30. Rb2 Ra3 31. f3 Bf5 32. Rd2 Ke6 33. Bf8 g6 34. Kf2 Bd3 35.
Bc5 Bc4 36. Bd4 Ra2 37. Rxa2 Bxa2 38. g4 f5 39. h3 Bb3 40. Kg3 fxg4 41. hxg4 Bd1 42. Bg7 h5 43. gxh5 gxh5 44. Bh8 1/2-1/2

[Event "Polofinale MCR junioru 2023"]
[Site "Czech Republic"]
[Date "2023.11.14"]
[Round "4.9"]
[White "Mametev, Artem"]
[Black "Prazak, Daniel"]
[Result "0-1"]
[TimeControl "90 min per 40 moves + 15 min + 30 sec / move from move 1"]
[WhiteFideId "23710195"]
[BlackFideId "23709456"]
[WhiteElo "2024"]
[BlackElo "2103"]

1. e4 e5 2. Nf3 Nc6 3. Nc3 Nf6 4. g3 d5 5. exd5 Nxd5 6. Bg2 Nxc3 7. bxc3 Bd6 8. O-O O-O 9. d3 Bf5 10.
Rb1 Rb8 11. Be3 Qd7 12. Ng5 Be7 13. Ne4 Bh3 14. Nc5 Bxc5 15. Bxh3 Qxh3 16. Bxc5 Rfe8 17. f3 b6 18. Be3 Qe6 19.
c4 Rbd8 20. Re1 Ne7 21. Qe2 c5 22. Qf2 Qc6 23. Bd2 Nf5 24. Bc3 Nd4 25. Bxd4 exd4 26. Rxe8+ Rxe8 27. Re1 h6 28. f4 Qa4 29.
f5 f6 30. Re6 Rxe6 31. fxe6 Qc6 32. Qf5 Kf8 33. Qg4 Qc7 34. Qe4 Ke7 35. Qg4 g5 36. Qe4 Qe5 37. Qb7+ Kxe6 38. Kf1 Qe3 39.
Qd5+ Ke7 40. Qb7+ Kf8 41. Qb8+ Kg7 42. Qxa7+ Kg6 43. Qa8 f5 44. Qa4 Kh5 45. Kg2 Qe2+ 46. Kg1 Kg4 47. Qc6 Qd1+ 48.
Kg2 Qxc2+ 49. Kg1 Qb1+ 50. Kg2 Qxa2+ 51. Kg1 Qb1+ 52. Kf2 Qc2+ 53. Kg1 Qd1+ 54. Kg2 Qe2+ 55. Kg1 h5 56. Qg6 Qe3+ 57.
Kg2 Qf3+ 58. Kg1 Kh3 0-1

[Event "Polofinale MCR junioru 2023"]
[Site "Czech Republic"]
[Date "2023.11.14"]
[Round "4.10"]
[White "Lihotsky, Lukas"]
[Black "Svacina, Tobias"]
[Result "1-0"]
[TimeControl "90 min per 40 moves + 15 min + 30 sec / move from move 1"]
[WhiteFideId "23727004"]
[BlackFideId "385859"]
[WhiteElo "2100"]
[BlackElo "1941"]

1. d4 Nf6 2. c4 g6 3. Nc3 Bg7 4. e4 d6 5. Be2 O-O 6. Nf3 e5 7. O-O exd4 8. Nxd4 Re8 9. f3 c6 10. Nc2 Na6 11. Kh1 Nh5 12. g4 Nf6 13.
Bf4 h5 14. g5 Nh7 15. Rg1 Qb6 16. Qd2 Be5 17. Be3 Qd8 18. f4 Bg7 19. Bd4 Nc7 20. f5 Be5 21. Raf1 Nf8 22. Bxe5 Rxe5 23.
Qf4 gxf5 24. g6 fxg6 25. Bxh5 Kf7 26. Qh6 Qf6 27. Be2 Qg7 28. Qh4 Qh7 29. Qg3 Ne8 30. Nd4 Nf6 31. Nf3 Ne6 32.
Nxe5+ dxe5 33. exf5 gxf5 34. Qxe5 f4 35. Bf3 Bd7 36. Ne4 Nxe4 37. Bxe4 Qh4 38. Bf5 1-0

[Event "Polofinale MCR junioru 2023"]
[Site "Czech Republic"]
[Date "2023.11.14"]
[Round "4.11"]
[White "Davidek, Zdenek"]
[Black "Pavlis, Matej"]
[Result "0-1"]
[TimeControl "90 min per 40 moves + 15 min + 30 sec / move from move 1"]
[WhiteFideId "23725001"]
[BlackFideId "23735767"]
[WhiteElo "2099"]
[BlackElo "1974"]

1. c4 e6 2. d4 d5 3. Nc3 c6 4. e3 f5 5. Bd3 Nf6 6. Bd2 Bd6 7. Nf3 O-O 8. Qe2 Ne4 9. O-O Nd7 10.
Ne1 Qe7 11. f4 Ndf6 12. c5 Bc7 13. Nf3 Bd7 14. Nb1 Be8 15. Be1 Bh5 16. Bh4 h6 17. Qc2 g5 18. fxg5 hxg5 19. Nxg5 Nxg5 20.
Bxg5 Bxh2+ 21. Kh1 Bg3 22. Bf4 Bd1 23. Bxg3 Bxc2 24. Bxc2 Ng4 25. Bf4 Qh4+ 26. Kg1 Rf7 27. Bd1 Rh7 28.
Bxg4 fxg4 29. Nd2 g3 0-1

[Event "Polofinale MCR junioru 2023"]
[Site "Czech Republic"]
[Date "2023.11.14"]
[Round "4.12"]
[White "Benes, Jachym"]
[Black "Lang, Simon"]
[Result "0-1"]
[TimeControl "90 min per 40 moves + 15 min + 30 sec / move from move 1"]
[WhiteFideId "23710870"]
[BlackFideId "23712449"]
[WhiteElo "1950"]
[BlackElo "2090"]

1. d4 Nf6 2. c4 e6 3. Nf3 d5 4. Nc3 Be7 5. cxd5 exd5 6. Bg5 c6 7. Qc2 O-O 8. e3 Re8 9. Bd3 Nbd7 10.
O-O Nf8 11. Rab1 Ng6 12. b4 a6 13.
a4 Ne4 14. Bxe7 Qxe7 15. b5 axb5 16. axb5 Bg4 17. Bxe4 dxe4 18. Nd2 f5 19. bxc6 bxc6 20. Rfc1 Qg5 21. Nf1 h5 22. Kh1 h4 23. Nd2 h3 24. g3 Rad8 25.
Rb6 c5 26. dxc5 Ne5 27. Nb3 Bf3+ 28. Kg1 Bg2 29. f4 exf3 0-1

[Event "Polofinale MCR junioru 2023"]
[Site "Czech Republic"]
[Date "2023.11.14"]
[Round "4.13"]
[White "Mach, Petr"]
[Black "Pressler, Tobias"]
[Result "1-0"]
[TimeControl "90 min per 40 moves + 15 min + 30 sec / move from move 1"]
[WhiteFideId "383546"]
[BlackFideId "23715359"]
[WhiteElo "2084"]
[BlackElo "1937"]

1. Nf3 d5 2. g3 Bg4 3. d4 Nc6 4.
Bg2 Qd7 5. O-O f6 6. c4 e6 7. Nc3 O-O-O 8. c5 e5 9. b4 e4 10. b5 exf3 11. bxc6 Qxc6 12. exf3 Bf5 13. Qb3 Ne7 14.
Bf4 a6 15. Rfc1 g5 16. Bd6 cxd6 17. cxd6 Kb8 18. dxe7 Bxe7 19. f4 Be6 20. f5 Bf7 21. Rab1 Ka7 22. Nxd5 Bxd5 23. Rxc6 Bxb3 24.
Rc7 Bd5 25. Bxd5 Rxd5 26. Rbxb7+ Ka8 27. Rxe7 Ra5 28. Ra7+ Kb8 29. Reb7+ Kc8 30. Rf7 Kb8 31. Rab7+ Kc8 32. Rb6 Rxa2 33.
Rfxf6 a5 34. Ra6 Kb7 35. Rfb6+ Kc7 36. Rb5 1-0

[Event "Polofinale MCR junioru 2023"]
[Site "Czech Republic"]
[Date "2023.11.14"]
[Round "4.14"]
[White "Bohacek, Jan Andrej"]
[Black "Hrbek, Jachym"]
[Result "1-0"]
[TimeControl "90 min per 40 moves + 15 min + 30 sec / move from move 1"]
[WhiteFideId "23727357"]
[BlackFideId "23709138"]
[WhiteElo "2066"]
[BlackElo "1913"]

1. d4 d5 2. Nc3 c6 3. Bf4 Nf6 4. e3 g6 5. h3 Bg7 6. Nf3 O-O 7. Be2 Nbd7 8. a4 a6 9. O-O b6 10.
a5 Bb7 11. axb6 Nxb6 12. Na4 Nxa4 13. Rxa4 Qb6 14. Qd2 a5 15. Rb1 Ne4 16. Qe1 Ba6 17. Bd3 Bb5 18. Ra3 Nd6 19. Nd2 Bxd3 20.
cxd3 Nb5 21. Ra4 Nd6 22. Qc1 Qb5 23. Qc2 Rfb8 24. b4 axb4 25. Raxb4 Qxb4 26. Rxb4 Rxb4 27. Qxc6 Rc8 28. Qxd5 Rb5 29.
Qf3 e5 30. dxe5 Bxe5 31. d4 Bxf4 32. Qxf4 Rc1+ 33. Kh2 Rb2 34. Nf3 Rb6 35. Qf6 Nc8 36. Qd8+ Kg7 37. Ne5 1-0

[Event "Polofinale MCR junioru 2023"]
[Site "Czech Republic"]
[Date "2023.11.14"]
[Round "4.15"]
[White "Hlavina, Matous"]
[Black "Svadlenka, Michal"]
[Result "1-0"]
[TimeControl "90 min per 40 moves + 15 min + 30 sec / move from move 1"]
[WhiteFideId "386650"]
[BlackFideId "23717068"]
[WhiteElo "2134"]
[BlackElo "1689"]

1. e4 c5 2. Nf3 d6 3. d4 cxd4 4.
Nxd4 Nf6 5. Nc3 g6 6. Be3 Bg7 7. f3 O-O 8. Qd2 Nc6 9. O-O-O d5 10. Nxc6 bxc6 11. Bc4 e6 12. Bb3 Bb7 13.
Na4 Nd7 14. h4 Qc7 15. Bf4 e5 16. Bh6 Nb6 17. Nc5 Rad8 18. Qg5 f6 19. Qe3 Bc8 20. a4 Kh8 21. Bxg7+ Kxg7 22. Qc3 d4 23. Qb4 Rd6 24. a5 Na8 25.
g4 Kh8 26. Rh2 Qe7 27. Rdh1 Nc7 28. Qd2 Be6 29. Ba4 Bc4 30. Qb4 Bb5 31. g5 Bxa4 32. Nxa4 Ne6 33. h5 gxh5 34. gxf6 Rxf6 35.
Rxh5 Nf8 36. Qb8 h6 37. R1h3 Kh7 38. Nc5 Qg7 39. Kb1 Rg6 40. Nd3 Rge6 41. Rf5 Ng6 42. Rg3 Qe7 43. Qb4 Rd8 44.
Qd2 Rf8 45. Rh3 Qg7 46. Qh2 Rfe8 47. Rfh5 Nf4 48. Nxf4 exf4 49. Qxf4 Rf8 50. Rf5 Rff6 51. Rg3 Qf7 52. Rxf6 Rxf6 53. Qb8 Qd7 54. Qg8# 1-0

[Event "Polofinale MCR junioru 2023"]
[Site "Czech Republic"]
[Date "2023.11.14"]
[Round "4.16"]
[White "Janous, Marek"]
[Black "Fizerova, Lucie"]
[Result "1-0"]
[TimeControl "90 min per 40 moves + 15 min + 30 sec / move from move 1"]
[WhiteFideId "23709650"]
[BlackFideId "385115"]
[WhiteElo "2098"]
[BlackElo "1886"]

1. b3 d5 2. Bb2 c5 3. e3 Nc6 4. Bb5 Bf5 5. Nf3 a6 6. Bxc6+ bxc6 7. O-O Nf6 8. d3 e6 9. Nbd2 Be7 10.
Ne5 Qc7 11. f4 O-O 12. Qe1 h6 13. Ndf3 Rfd8 14. h3 Bh7 15. Qg3 Nh5 16. Qf2 Nf6 17. g4 Nd7 18. Nxd7 Qxd7 19. Kh1 Qb7 20.
Rg1 c4 21. g5 h5 22. Qe2 cxd3 23. cxd3 Bd6 24. g6 Bxg6 25.
Nh4 Kh7 26. Qg2 d4 27. Bxd4 Rab8 28. Bb2 c5 29. e4 Bf8 30. Nxg6 fxg6 31. Qxg6+ Kg8 32. Qxe6+ Qf7 33. Qxf7+ Kxf7 34.
Rad1 1-0

[Event "Polofinale MCR junioru 2023"]
[Site "Czech Republic"]
[Date "2023.11.14"]
[Round "4.17"]
[White "Bezdek, Tomas"]
[Black "Vylicil, Adam"]
[Result "1-0"]
[TimeControl "90 min per 40 moves + 15 min + 30 sec / move from move 1"]
[WhiteFideId "23733551"]
[BlackFideId "23717556"]
[WhiteElo "2078"]
[BlackElo "1896"]

1. e4 e6 2. d4 d5 3. e5 c5 4. c3 Nc6 5. Nf3 Bd7 6. Bd3 cxd4 7. O-O dxc3 8. Nxc3 a6 9. Re1 Be7 10.
a3 g5 11. h3 Kf8 12. Nh2 h5 13. Qf3 Nd4 14. Qd1 Nc6 15. b4 Nxe5 16. Rxe5 Bf6 17. Qe1 Bxe5 18. Qxe5 f6 19. Qd4 Kg7 20.
Bb2 Ne7 21. f4 Nc6 22. Qf2 gxf4 23. Qxf4 d4 24. Ne4 e5 25. Qg3+ Kf8 26. Nxf6 1-0

[Event "Polofinale MCR junioru 2023"]
[Site "Czech Republic"]
[Date "2023.11.14"]
[Round "4.18"]
[White "Cerny, Michal"]
[Black "Kubiczek, Michal"]
[Result "1/2-1/2"]
[TimeControl "90 min per 40 moves + 15 min + 30 sec / move from move 1"]
[WhiteFideId "391964"]
[BlackFideId "23706996"]
[WhiteElo "1920"]
[BlackElo "2068"]

1. e4 g6 2. d4 Bg7 3. Nf3 d6 4. h3 a6 5. c3 e6 6. Bd3 Ne7 7. O-O b6 8. Re1 Bb7 9. Nbd2 Nd7 10.
Qe2 O-O 11. Nc4 h6 12. Nh2 d5 13. exd5 Nxd5 14. Ng4 Qh4 15. Nce5 Nxe5 16. Nxe5 Nf4 17. Bxf4 Qxf4 18. g3 Qg5 19.
Be4 Bxe4 20. Qxe4 Bxe5 21. Qxe5 Qxe5 22. dxe5 Rfd8 23. Rad1 h5 24. f4 Kf8 25. Kf2 Ke7 26. h4 c6 1/2-1/2

[Event "Polofinale MCR junioru 2023"]
[Site "Czech Republic"]
[Date "2023.11.14"]
[Round "4.19"]
[White "Hozda, Max"]
[Black "Roubal, Matyas"]
[Result "1/2-1/2"]
[TimeControl "90 min per 40 moves + 15 min + 30 sec / move from move 1"]
[WhiteFideId "23725958"]
[BlackFideId "23727152"]
[WhiteElo "2045"]
[BlackElo "1837"]

1. d4 Nf6 2. c4 g6 3. Nf3 Bg7 4. g3 O-O 5. Bg2 d6 6. O-O Nc6 7. Nc3 Bf5 8. d5 Na5 9. Nd4 Bd7 10.
b3 c5 11. dxc6 Nxc6 12. Bb2 Nxd4 13. Qxd4 Bc6 14. Nd5 Ne8 15. Qd2 Bxb2 16. Qxb2 Nc7 17. e4 Nxd5 18. exd5 Bd7 19. Rfe1 Re8 20.
h4 h5 21. Qd4 Qb6 22. Qf4 Kg7 23. Rad1 Bf5 24. Bf3 Bd7 25. Bxh5 gxh5 26. Qg5+ Kf8 27. Qh6+ Kg8 28. Re6 fxe6 29.
dxe6 Rf8 30. Qg6+ Kh8 31. Qxh5+ Kg7 32. Qg4+ Kh8 33. Qh5+ 1/2-1/2

[Event "Polofinale MCR junioru 2023"]
[Site "Czech Republic"]
[Date "2023.11.14"]
[Round "4.20"]
[White "Vlcek, Vojtech"]
[Black "Jasso, Matej"]
[Result "0-1"]
[TimeControl "90 min per 40 moves + 15 min + 30 sec / move from move 1"]
[WhiteFideId "23728647"]
[BlackFideId "23710748"]
[WhiteElo "1703"]
[BlackElo "2033"]

1. d4 d5 2. c4 e6 3. Nc3 Nf6 4. Bg5 Bb4 5. e3 h6 6. Bh4 O-O 7. Qb3 Bxc3+ 8. Qxc3 Nbd7 9. cxd5 exd5 10.
Bd3 Re8 11. Nf3 c6 12. h3 Qb6 13. O-O Ne4 14. Bxe4 dxe4 15. Nd2 Qb5 16. f3 Qh5 17. Bg3 Qg6 18. Kh2 exf3 19. Rxf3 Qh5 20.
e4 Nf6 21. Re1 Be6 22. Kg1 Rad8 23. Be5 Nd7 24. Bf4 c5 25. Rg3 g6 26. Nf3 cxd4 27. Nxd4 Kh7 28. Bc7 Rc8 29. Nxe6 Rxe6 30.
Qa5 Qc5+ 31. Qxc5 Nxc5 32. Bf4 Nxe4 33. Rb3 b6 34. Rd3 Rce8 35. Rd7 R8e7 36. Red1 Nc5 37. Rxe7 Rxe7 38. Kf2 g5 39.
Be3 Rd7 40. Rd4 Rxd4 41. Bxd4 Ne6 42. Be5 Kg6 43. Ke3 f5 44. Bb8 a6 45. b4 b5 46. Be5 h5 47. Kf3 h4 48. a3 Kf7 49.
Ke3 Ke8 50. Bf6 Kf7 51. Be5 Ke7 52. Kd3 Kd7 53. Bf6 Kd6 54. Bh8 Nf4+ 55. Kd4 Nxg2 56. Be5+ Ke6 57. Bb8 g4 58. hxg4 fxg4 59.
Kc5 Kf5 60. Kb6 Nf4 61. Kxa6 h3 62. Kxb5 h2 0-1

[Event "Polofinale MCR junioru 2023"]
[Site "Czech Republic"]
[Date "2023.11.14"]
[Round "4.21"]
[White "Rousek, Jan"]
[Black "Mrazek, Roman"]
[Result "1/2-1/2"]
[TimeControl "90 min per 40 moves + 15 min + 30 sec / move from move 1"]
[WhiteFideId "386669"]
[BlackFideId "23707062"]
[WhiteElo "2006"]
[BlackElo "1866"]

1. d4 d5 2. Nf3 Nf6 3. g3 Bf5 4. c4 e6 5. Nc3 h6 6. Qb3 Nc6 7. a3 Na5 8. Qa4+ c6 9. c5 Nc4 10.
Nd2 Nxd2 11. Bxd2 Be7 12. Bg2 O-O 13. O-O e5 14. dxe5 Nd7 15. Qf4 Bh7 16. b4 Bg5 17. Qd4 Bxd2 18.
Qxd2 Nxe5 19. e4 dxe4 20. Qd3 Qd7 21. Qxd7 Rac8 22. Qd8 Rcxd8 23. Nxe4 Bxe4 24. Bxe4 Rd4 25. Rfe1 Rfd8 26. Bh7+ Kxh7 1/2-1/2

[Event "Polofinale MCR junioru 2023"]
[Site "Czech Republic"]
[Date "2023.11.14"]
[Round "4.22"]
[White "Pelc, Adam"]
[Black "Andrle, Filip"]
[Result "1-0"]
[TimeControl "90 min per 40 moves + 15 min + 30 sec / move from move 1"]
[WhiteFideId "23723033"]
[BlackFideId "23718749"]
[WhiteElo "1856"]
[BlackElo "2005"]

1. Nf3 d5 2. b3 Nf6 3. e3 g6 4. Bb2 Bg7 5. d4 O-O 6. Nbd2 c5 7. Ne5 Nc6 8. f4 Nxe5 9. dxe5 Ng4 10.
Qf3 d4 11. exd4 cxd4 12. Nc4 f6 13. h3 Ne3 14. Nxe3 Qa5+ 15. c3 dxe3 16. Bc4+ Kh8 17. e6 Qf5 18. Qxe3 g5 19. fxg5 Qxg5 20.
Qxg5 fxg5 21. Rf1 Rf6 22. Rxf6 Bxf6 23. Rd1 b6 24. Rd8+ Kg7 25. Bd5 Rb8 26. Kd1 Be5 27. Ba3 Bxc3 28.
Bxe7 Bf6 29. Bf8+ Kg6 30. e7 1-0

[Event "Polofinale MCR junioru 2023"]
[Site "Czech Republic"]
[Date "2023.11.14"]
[Round "4.23"]
[White "Zezula, Jakub"]
[Black "Sprinar, Michal"]
[Result "1/2-1/2"]
[TimeControl "90 min per 40 moves + 15 min + 30 sec / move from move 1"]
[WhiteFideId "23723203"]
[BlackFideId "23714190"]
[WhiteElo "2002"]
[BlackElo "1742"]

1. e4 e6 2. d4 d5 3. Nd2 Nf6 4. e5 Nfd7 5. Bd3 c5 6. c3 Nc6 7. Ngf3 cxd4 8. cxd4 f6 9. O-O Be7 10.
exf6 Nxf6 11. Re1 O-O 12. Nf1 h6 13. Ng3 Bd7 14. Bf4 Ng4 15. Be5 Ncxe5 16. dxe5 Qb6 17. Rf1 Bh4 18. Bb1 Bxg3 19.
hxg3 Qxb2 20. Qd3 Nxe5 21. Qh7+ Kf7 22. Re1 Nxf3+ 23. gxf3 Qf6 24. Bc2 Rh8 25. Qd3 g6 26. f4 Rac8 27.
Rab1 Rc3 28. Qd2 b6 29. Re5 Rhc8 30. Bb3 R3c5 31. Rbe1 a5 32. a4 h5 33. Kg2 R8c7 34. R1e3 Rc8 1/2-1/2

[Event "Polofinale MCR junioru 2023"]
[Site "Czech Republic"]
[Date "2023.11.14"]
[Round "4.24"]
[White "Simunek, Jakub Simon"]
[Black "Urbansky, Stepan"]
[Result "1-0"]
[TimeControl "90 min per 40 moves + 15 min + 30 sec / move from move 1"]
[WhiteFideId "23709464"]
[BlackFideId "23761741"]
[WhiteElo "1970"]
[BlackElo "1675"]

1. e4 c5 2. Nf3 d6 3. Bb5+ Bd7 4. Bxd7+ Qxd7 5. c4 Nf6 6. Nc3 g6 7. d4 cxd4 8. Nxd4 Bg7 9. f3 O-O 10.
Be3 Nc6 11. O-O Rfc8 12. b3 a6 13. Qd3 Qd8 14. Rac1 Qa5 15. Na4 Nd7 16. Nxc6 Rxc6 17. Qd5 Qc7 18. Nc3 Rc8 19. Qd3 Bxc3 20.
Rxc3 b5 21. Rfc1 Ne5 22. Qd4 bxc4 23. Bh6 f6 24. Qd5+ Kh8 25. Rxc4 Nxc4 26. Qf7 Rg8 27. Rxc4 Rxc4 28. bxc4 Qa5 29.
Kf2 Qxa2+ 30. Kg3 Qb2 31. h4 a5 32. Bf8 Qe5+ 33. Kh3 g5 34. Bxe7 a4 35. Bxf6+ Qxf6 36. Qxf6+ Rg7 37. Qxd6 gxh4 38.
Qa6 1-0

[Event "Polofinale MCR junioru 2023"]
[Site "Czech Republic"]
[Date "2023.11.14"]
[Round "4.25"]
[White "Valdman, Jakub"]
[Black "Trojan, Matyas"]
[Result "0-1"]
[TimeControl "90 min per 40 moves + 15 min + 30 sec / move from move 1"]
[WhiteFideId "23718196"]
[BlackFideId "23710764"]
[WhiteElo "1594"]
[BlackElo "1957"]

1. e4 e5 2. Nf3 Nc6 3. Bb5 a6 4. Ba4 Nf6 5. O-O Be7 6. Re1 b5 7. Bb3 O-O 8. h3 Bb7 9. d3 d6 10.
Nbd2 Na5 11. Nf1 Re8 12. Ng3 h6 13. Bd2 Nxb3 14. axb3 Bf8 15. c4 c5 16. Qc2 Qc7 17. Nh4 g6 18.
Qc1 Kh7 19. Rf1 Qd8 20. Nf3 Bg7 21. Nh2 a5 22. Qc2 Qb6 23. f4 a4 24. bxa4 bxc4 25. Qxc4 d5 26. Qc2 c4+ 27. Kh1 cxd3 28.
Qxd3 dxe4 29. Qe3 Qxe3 30. Bxe3 Nd5 31. Bc1 f5 32. Ra3 Ba6 0-1

[Event "Polofinale MCR junioru 2023"]
[Site "Czech Republic"]
[Date "2023.11.14"]
[Round "4.26"]
[White "Stocek, Martin"]
[Black "Svadlenka, Dominik"]
[Result "1-0"]
[TimeControl "90 min per 40 moves + 15 min + 30 sec / move from move 1"]
[WhiteFideId "380121"]
[BlackFideId "23716258"]
[WhiteElo "2125"]
[BlackElo "1725"]

1. d4 d5 2. c4 e6 3. Nc3 Nf6 4. Nf3 Be7 5. Bf4 O-O 6. e3 b6 7. cxd5 exd5 8. Be2 Bb7 9. O-O c5 10.
Rc1 Nc6 11. h3 Rc8 12. dxc5 bxc5 13. Qb3 Qb6 14. Qxb6 axb6 15. Rfd1 Rfd8 16. a3 Bd6 17. Bg5 Na5 18. Nb5 Bb8 19.
Nh4 Be5 20. Nf5 Kf8 21. f4 Bb8 22. Bf3 Bc6 23. Nc3 Nc4 24. b3 Nxa3 25. Bxf6 gxf6 26. Bxd5 Bd7 27. Be4 Be6 28. Rxd8+ Rxd8 29.
Ra1 b5 30. Rxa3 b4 31. Ra5 bxc3 32. Rxc5 Bxb3 33. Rxc3 Be6 34. Nd4 Kg8 35. Nc6 Rd1+ 36. Kf2 Bd6 37. Rd3 Rxd3 38. Bxd3 h6 39.
Nd4 Kf8 40. Kf3 Ke7 41. Bf5 Bd5+ 42. e4 Bc4 43. Bc8 Ke8 44. Bb7 Bf8 45. Bc6+ Ke7 46. Nf5+ Ke6 47. Bb7 Bb5 48. Nd4+ 1-0

[Event "Polofinale MCR junioru 2023"]
[Site "Czech Republic"]
[Date "2023.11.14"]
[Round "4.27"]
[White "Nespurek, Jakub"]
[Black "Vana, Jan"]
[Result "1-0"]
[TimeControl "90 min per 40 moves + 15 min + 30 sec / move from move 1"]
[WhiteFideId "391816"]
[BlackFideId "23726016"]
[WhiteElo "1680"]
[BlackElo "1965"]

1. e4 c5 2. c3 Nf6 3. e5 Nd5 4. d4 cxd4 5. cxd4 d6 6. Nf3 Nc6 7. Bc4 Nb6 8. Bb5 Bd7 9. exd6 e6 10.
Nc3 Bxd6 11. Ne4 Be7 12. O-O a6 13. Bd3 Nb4 14. Ne5 Nxd3 15. Qxd3 f5 16. Qg3 Kf8 17. Ng5 Qe8 18. Ngf7 Rg8 19.
Nh6 Rh8 20. Nef7 Bf6 21. Nxh8 gxh6 22. Qd6+ Kg8 23. Qxb6 Bc6 24. Bxh6 Kxh8 25. Rac1 Qg6 26. Rxc6 bxc6 27. Qxc6 Rg8 28.
Be3 Qg4 29. f4 Qe2 30. Bf2 Qg4 31. g3 Qxf4 32. Qxe6 Qg5 33. Be3 Qg7 34. Qxf5 Bxd4 35. Bxd4 Qxd4+ 36. Qf2 Qd5 37. Qf6+ Rg7 38.
Qc3 Kg8 39. Qc8+ 1-0

[Event "Polofinale MCR junioru 2023"]
[Site "Czech Republic"]
[Date "2023.11.14"]
[Round "4.28"]
[White "Lieber, Lukas"]
[Black "Veny, Jaume"]
[Result "0-1"]
[TimeControl "90 min per 40 moves + 15 min + 30 sec / move from move 1"]
[WhiteFideId "23700688"]
[BlackFideId "397792"]
[WhiteElo "1959"]
[BlackElo "1729"]

1. e4 c5 2. Nf3 a6 3. c4 Nc6 4. d4 cxd4 5. Nxd4 e5 6. Nf3 Bc5 7. Be2 Nf6 8. Nc3 h6 9. a3 d6 10.
h3 Nd4 11. Bd3 Be6 12. Nd2 O-O 13. g4 Nh7 14. Nf1 Qf6 15. Ne3 Ng5 16. Ncd5 Ngf3+ 17. Kf1 Bxd5 18. Nxd5 Qh4 19. Be3 Ng5 20.
b4 Ba7 21. Ra2 Nge6 22. Kg2 Rac8 23. g5 Kh7 24. Ne7 Rce8 25. Nf5 Nf4+ 26. Kf1 Qxg5 27. Rg1 Qh5 28. Rxg7+ Kh8 29. Qxh5 Nxh5 30.
Rg4 Nf6 31. Rh4 Nxf5 32. exf5 Bxe3 33. fxe3 Kh7 34. e4 Rg8 35. Rg2 Rxg2 36. Kxg2 Rc8 37. Kf2 b6 38. Ke3 Rg8 39. Kf2 Ra8 40.
a4 Rc8 41. c5 dxc5 42. Bxa6 Ra8 43. b5 Rd8 44. a5 bxa5 45. b6 a4 46. Bc4 Kg7 47. Bd5 Rb8 48. b7 a3 49. Ke3 Rxb7 50.
Kd3 Rb2 51. Kc3 Rg2 52. Bb3 a2 53. Bxa2 Rxa2 0-1

[Event "Polofinale MCR junioru 2023"]
[Site "Czech Republic"]
[Date "2023.11.14"]
[Round "4.29"]
[White "Zezula, Matej"]
[Black "Babula, Matej"]
[Result "1-0"]
[TimeControl "90 min per 40 moves + 15 min + 30 sec / move from move 1"]
[WhiteFideId "23725796"]
[BlackFideId "398322"]
[WhiteElo "1666"]
[BlackElo "1899"]

1. e4 c5 2. Be2 e6 3. f4 d5 4. d3 Nc6 5. Nf3 Bd6 6. O-O Nge7 7. c3 O-O 8. Be3 f6 9. Nbd2 b6 10.
Kh1 Qc7 11. Nh4 d4 12. cxd4 cxd4 13. Bg1 Bxf4 14. Nhf3 e5 15. Qb3+ Kh8 16. Rac1 Qd6 17. Nc4 Qb4 18. Qxb4 Nxb4 19.
Rcd1 Ng6 20. g3 Bh6 21. a3 Nc6 22. Kg2 Be6 23. Ne1 Nge7 24. h4 Kg8 25. Bf2 Rfc8 26. Nf3 Na5 27. Nfd2 Nxc4 28.
Nxc4 b5 29. Nd6 Rc2 30. Bf3 Rb8 31. g4 g6 32. g5 fxg5 33. Rc1 Rxc1 34. Rxc1 g4 35. Rc7 gxf3+ 36. Kxf3 Rb6 37. Rxe7 Rxd6 38.
Bg3 Bg7 39. Rxg7+ Kxg7 40. Bxe5+ Kf7 41. Bxd6 Bh3 42. Kf2 Ke6 43. Bc5 a5 44. Bxd4 b4 45. axb4 axb4 46. Ke3 h6 47. Bg7 h5 48.
Bh6 b3 49. d4 Bg2 50. d5+ Ke5 51. Bf4+ Kf6 52. Kd4 Bf3 53. Bg5+ Kf7 54. e5 Ke8 55. e6 1-0

[Event "Polofinale MCR junioru 2023"]
[Site "Czech Republic"]
[Date "2023.11.14"]
[Round "4.30"]
[White "Rucabado, Stefan"]
[Black "Sadil, Antonin"]
[Result "0-1"]
[TimeControl "90 min per 40 moves + 15 min + 30 sec / move from move 1"]
[WhiteFideId "23730315"]
[BlackFideId "23735597"]
[WhiteElo "1873"]
[BlackElo "1648"]

1. e4 c5 2. Nf3 d6 3. Bb5+ Nc6 4.
O-O Bg4 5. c3 Bxf3 6. Qxf3 e5 7. Bxc6+ bxc6 8. d3 Nf6 9. Nd2 d5 10. Qe2 Bd6 11. Nf3 Nd7 12. Re1 O-O 13. g3 Nb6 14.
h4 Re8 15. h5 c4 16. dxc4 Nxc4 17. b3 Nb6 18. Nh4 Bf8 19. Qg4 Qd7 20. Nf5 g6 21. Ne3 Qxg4 22. Nxg4 Nd7 23. hxg6 hxg6 24. exd5 cxd5 25. Rd1 d4 26.
cxd4 exd4 27. Bb2 f5 28. Nh2 Re2 29. Bxd4 Bc5 30. Kf1 Rae8 31. Nf3 Rc2 32. Rac1 Ree2 33. Rxc2 Rxc2 34. Bxc5 Nxc5 35.
Rd2 Rxd2 36. Nxd2 Kf7 37. Ke2 Ke6 38. Ke3 Kd5 39. f3 g5 40. Nb1 Ne6 41. Nc3+ Kc5 42. Ne2 a5 43. a3 Kd5 44.
Nc3+ Kc5 45. Kd3 Ng7 46. Ne2 Ne6 47. Kc3 g4 0-1

[Event "Polofinale MCR junioru 2023"]
[Site "Czech Republic"]
[Date "2023.11.14"]
[Round "4.31"]
[White "Gregor, Alexandr"]
[Black "Steinbauer, Sebastian"]
[Result "0-1"]
[TimeControl "90 min per 40 moves + 15 min + 30 sec / move from move 1"]
[WhiteFideId "23735813"]
[BlackFideId "399272"]
[WhiteElo "1601"]
[BlackElo "1869"]

1. e4 e5 2. Nf3 Nc6 3. Bc4 Bc5 4. O-O d6 5. d3 Bg4 6. c3 Nf6 7. Bg5 h6 8. Bh4 g5 9. Bg3 Qd7 10.
Nbd2 O-O-O 11. b4 Bb6 12. a4 a5 13. Qb3 Rdf8 14. b5 Nd8 15. Rfe1 Nh5 16. d4 Nxg3 17. hxg3 f6 18. Bd5 h5 19. Nc4 h4 20. Nxb6+ cxb6 21. Nd2 hxg3 22. fxg3 Qh7 23. Nc4 Qh2+ 24. Kf2 f5 25. Nxd6+ Kb8 26. exf5 Bxf5 27. Nxf5 Rxf5+ 28. Ke2 Qxg3 29. Rf1 Rxf1 30. Rxf1 exd4 31. cxd4 Re8+ 32. Kd2 Qd6 33. Qc4 g4 34. Rc1 Ne6 35. Bxe6 Rxe6 36. Rf1 Re8 37.
Rf7 Rc8 38. Qd3 Qb4+ 39. Ke3 Rc3 0-1